AoeStats
← SlightlySaltedCamelCrisps

Arena

506079012Analyzed
2v2 RM · 22d ago on Sep 12, 2026· 49m 24s· 4 players
Game mode
Random Map
Map size
Medium (4 player)
Population
200
Speed
Normal
Resources
Standard
Victory
Conquest
Starting age
Dark Age
Ending age
Imperial Age
RankedLock teamsTeams togetherTeam positionsShared explorationLock speedFull tech treeHidden civsTurbo modeCheats
Victory
Defeat
🇪🇸 Byzantines · Spain
1167
+16
🇪🇸 Saracens · Spain
1161
+16
🇩🇪 Vietnamese · Germany
1163
-16
🇩🇪 Turks · Germany
1163
-16
mingenbauer
11:15 Feudal Age
13:49 Loom
16:29 Castle Age
14:33 Horse Collar
14:56 Double-Bit Axe
28:58 Imperial Age
26:17 Crossbowman
26:21 Pikeman
26:56 Fletching
27:07 Padded Archer Armor
27:33 Ballistics
28:24 Forging
28:26 Scale Mail Armor
29:15 Wheelbarrow
29:24 Heavy Plow
30:09 Bodkin Arrow
29:37 Light Cavalry
30:19 Husbandry
31:41 Halberdier
32:30 Scale Barding Armor
32:47 Bracer
34:33 Leather Archer Armor
34:34 Chain Mail Armor
35:54 Chemistry
35:32 Arbalester
36:00 Elite Skirmisher
38:06 Ring Archer Armor
38:12 Iron Casting
39:41 Hussar
41:45 Plate Mail Armor
42:27 Conscription
42:56 Thumb Ring
45:09 Heavy Camel Rider
46:25 Chain Barding Armor
45:33 Heavy Camel Rider
48:09 Plate Barding Armor
Izrick
10:59 Feudal Age
14:58 Castle Age
13:35 Stone Mining
14:17 Loom
15:00 Town Watch
18:25 Gold Mining
19:44 Gold Shaft Mining
25:12 Imperial Age
24:18 Double-Bit Axe
26:37 Forging
28:57 Conscription
30:23 Scale Barding Armor
34:04 Bow Saw
35:58 Wheelbarrow
36:10 Iron Casting
35:38 Horse Collar
37:03 Chain Barding Armor
37:56 Hand Cart
37:57 Town Patrol
38:40 Heavy Plow
40:29 Blast Furnace
40:30 Elite Mameluke
43:56 Chemistry
43:17 Ballistics
43:03 Siege Engineers
44:16 Two-Man Saw
45:29 Bloodlines
45:19 Husbandry
45:07 Heavy Camel Rider
46:38 Plate Barding Armor
46:09 Light Cavalry
47:10 Fletching
47:20 Padded Archer Armor
47:15 Hussar
48:07 Bodkin Arrow
48:58 Leather Archer Armor
49:29 Bracer
SlightlySaltedCamelCrisps
11:40 Feudal Age
15:27 Castle Age
13:19 Horse Collar
13:41 Double-Bit Axe
18:17 Bow Saw
18:58 Heavy Plow
23:03 Town Watch
23:12 Loom
24:08 Wheelbarrow
24:56 Gold Mining
25:07 Stone Mining
26:40 Hand Cart
28:12 Gold Shaft Mining
31:17 Imperial Age
29:27 Husbandry
29:39 Bloodlines
29:57 Scale Barding Armor
30:03 Forging
30:08 Fortified Wall
30:09 Masonry
30:50 Padded Archer Armor
32:09 Leather Archer Armor
32:17 Chain Barding Armor
32:33 Iron Casting
32:32 Fletching
33:13 Conscription
34:34 Bodkin Arrow
35:17 Architecture
35:35 Elite Janissary
36:51 Hoardings
37:34 Ring Archer Armor
37:42 Plate Barding Armor
39:28 Blast Furnace
41:35 Bracer
44:56 Artillery
jimima
11:08 Feudal Age
15:02 Castle Age
12:58 Double-Bit Axe
13:01 Horse Collar
14:36 Gold Mining
16:21 Bow Saw
16:16 Heavy Plow
18:06 Loom
18:40 Stone Mining
29:37 Imperial Age
27:30 Fletching
28:06 Bodkin Arrow
29:23 Padded Archer Armor
30:37 Bracer
31:50 Leather Archer Armor
32:01 Ballistics
32:42 Chemistry
31:39 Murder Holes
31:25 Elite Skirmisher
32:10 Thumb Ring
32:20 Imperial Skirmisher
32:31 Onager
33:21 Imperial Skirmisher
34:45 Crop Rotation
34:53 Ring Archer Armor
36:42 Wheelbarrow
37:41 Two-Man Saw
38:06 Hand Cart
41:25 Caravan
43:58 Imperial Skirmisher
Connection lost

Rejoining the realm…

Still unreachable

The connection could not be restored.

Session expired

The server has moved on; the page needs a fresh start.